Description

TvP Biotank 2 Base Timing

This build is designed to kill the Protoss fairly early on as they try to establish a third. Pull some SCVs to build forward bunkers that are defended by tanks and essentially leapfrog into your opponents base.

Replay - Creature v Jason - Simulacrum LE

Build Order

Get SALT Encoding   

  12  0:00  SCV  
  13  0:13  SCV  
  14  0:17  Supply Depot  
  14  0:25  SCV  
  15  0:39  SCV  
  15  0:40  Barracks  
  16  0:44  Refinery  
  16  0:51  SCV  
  17  1:03  SCV  
  18  1:15  SCV  
  19  1:27  Orbital Command  
  19  1:28  Reaper  
  20  1:48  Command Center  
  20  1:53  SCV  
  21  2:00  Marine  
  22  2:02  Supply Depot  
  22  2:05  SCV  
  23  2:13  Factory  
  23  2:21  Barracks Reactor  
  23  2:24  Refinery, SCV  
  24  2:30  Bunker  
  24  2:36  SCV  
  25  2:48  SCV  
  26  2:54  Barracks  
  26  2:58  Starport  
  26  3:00  SCV  
  26  3:02  Factory Tech Lab  
  27  3:10  Orbital Command  
  27  3:13  SCV  
  27  3:17  Marine x2  
  30  3:26  Cyclone  
  33  3:29  SCV  
  34  3:36  Marine  
  34  3:39  Viking  
  36  3:42  SCV x2  
  36  3:45  Marine x2  
  40  3:55  Supply Depot  
  40  3:57  Marine  
  40  4:03  Marine, Siege Tank  
  40  4:05  SCV x2  
  46  4:16  Marine x2, Viking  
  50  4:19  Supply Depot  
  50  4:23  Marine  
  51  4:24  SCV x2  
  51  4:30  Supply Depot  
  53  4:35  Marine  
  54  4:40  Marine  
  54  4:41  Siege Tank  
  54  4:45  SCV x2  
  60  4:49  Viking  
  62  4:53  Marine, Supply Depot  
  63  5:00  SCV  
  63  5:01  Marine x2  
  63  5:07  Supply Depot  
  66  5:08  SCV x2  
  68  5:14  Siege Tank  
  68  5:16  Marine  
  72  5:23  Viking  
  72  5:25  SCV x2  
  76  5:32  Marine x3  
  79  5:37  SCV x2  
  81  5:48  Siege Tank  
  81  5:49  Supply Depot, SCV x2  
  86  5:57  Marine  
  86  6:04  Bunker x3  
  86  6:06  Starport Reactor  
  86  6:07  Barracks Tech Lab  
  86  6:11  SCV  
  87  6:22  Bunker x2  
Spawning Tool Build Advisor. Get it on Overwolf

Analysis

If you see that you can't kill your opponent, try and deny the third and pull back units a smidge and send SCVs back to work. Expand, upgrade, and contain as long as possible. You need to delay the Protoss in order to catch up in economy.

Go to:

Details

  • Created by: Texturace
  • Published on: May 15, 2020
  • Modified on: Jun 15, 2020
  • Patch: 4.11.0
  • Difficulty: Medium
Show
View Real Time Build Order
Export as new Build Order

Comments (0)

There are no comments. Be the first!

Create an account to comment!